 Dungeon Crawl Stone Soup version 0.27.1-33-g824d729ab1 (webtiles) character file.

Game seed: 2936032646754681990

250900 pkoi the Brawler (level 18, 0/193 HPs)
             Began as a Grey Draconian Delver on Dec 9, 2021.
             Was the Champion of Nemelex Xobeh.
             Slain by a deep troll (8 damage)
             ... led by an ironbound preserver
             ... on level 4 of the Vaults on Dec 10, 2021.
             The game lasted 02:37:00 (76480 turns).

pkoi the Brawler (Grey Draconian Delver)           Turns: 76480, Time: 02:37:01

Health: 0/193      AC: 28    Str: 17    XL:     18   Next: 92%
Magic:  0/29       EV: 17    Int: 20    God:    Nemelex Xobeh [******]
Gold:   1295       SH:  0    Dex: 10    Spells: 10/32 levels left

rFire    + + +     SeeInvis +     - Unarmed
rCold    . . .     Faith    .   (no shield)
rNeg     + . .     Spirit   +   (armour unavailable)
rPois    ∞         Reflect  .   (helmet restricted)
rElec    +         Harm     .   E - +0 cloak
rCorr    .         Rampage  .   (gloves currently unavailable)
Will     +++..                  (boots currently unavailable)
Stlth    ++........             u - amulet "Izaov" {Spirit rPois rF+++ SInv Stlth-}
HPRegen  0.42/turn              i - ring "Kupu" {rPois rF+ Slay+2}
MPRegen  0.21/turn              o - ring of the Mage {Wiz Will++ Int+3}

@: statue-form, very slow
A: slow and powerful, torment resistance 1, boosted hp, AC +15, amphibious,
unfitting armour, cold-blooded, clumsy 1, no potion heal 1
}: 2/15 runes: barnacled, gossamer
a: End Transformation, Renounce Religion, Draw Escape, Draw Destruction, Draw
Summoning, Triple Draw, Deal Four, Stack Five


You were on level 4 of the Vaults.
You worshipped Nemelex Xobeh.
Nemelex Xobeh was exalted by your worship.
You were a living statue of rough stone.
You visited 7 branches of the dungeon, and saw 35 of its levels.
You also visited: Ice Cave and Volcano.

You collected 5273 gold pieces.
You spent 3978 gold pieces at shops.

Inventory:

Missiles
 n - 41 boomerangs (quivered)
 x - 3 curare-tipped darts
 D - 12 boomerangs of dispersal
 U - 3 throwing nets
Armour
 h - a +2 pair of gloves of stealth (melded)
 C - the +1 pair of boots of the Demonic Grue (melded) {rElec Str-5 Int+6}
   (You bought it in a shop on level 1 of the Vaults)

   Str:       It affects your strength (-5).
   Int:       It affects your intelligence (+6).
   rElec:     It insulates you from electricity.
 E - a +0 cloak (worn)
Jewellery
 f - a ring of flight
 i - the ring "Kupu" (left fist) {rPois rF+ Slay+2}
   (You acquired it on level 5 of the Dungeon)

   [ring of poison resistance]

   Slay:      It affects your accuracy & damage with ranged weapons and melee
   (+2).
   rF:        It protects you from fire.
   rPois:     It protects you from poison.
 o - the ring of the Mage (right fist) {Wiz Will++ Int+3}
   (You found it on level 4 of the Shoals)

   [ring of wizardry]

   It improves your spell success rate.
   Int:       It affects your intelligence (+3).
   Will:      It greatly increases your willpower.
 s - a ring of ice
 u - the amulet "Izaov" (around neck) {Spirit rPois rF+++ SInv Stlth-}
   (You acquired it on level 4 of the Dungeon)

   [amulet of guardian spirit]

   It causes incoming damage to be divided between your reserves of health and
   magic.
   rF:        It renders you almost immune to fire.
   rPois:     It protects you from poison.
   SInv:      It lets you see invisible.
   Stlth:     It makes you less stealthy.
 F - a ring of resist corrosion
Wands
 e - a wand of digging (9)
 r - a wand of mindburst (52)
 t - a wand of iceblast (37)
 w - a wand of flame (39)
 y - a wand of acid (25)
 A - a wand of paralysis (9)
 W - a wand of polymorph (21)
Scrolls
 a - 9 scrolls of fog
 c - 7 scrolls of fear
 g - 6 scrolls of teleportation
 k - a scroll of enchant armour
 l - 7 scrolls of amnesia
 z - a scroll of acquirement
 G - 2 scrolls of enchant weapon
 J - a scroll of summoning
 N - 14 scrolls of identify
 O - 2 scrolls of magic mapping
 Q - a scroll of holy word
 R - 3 scrolls of blinking
Potions
 b - 2 potions of magic
 d - 8 potions of haste
 j - 7 potions of heal wounds
 m - 9 potions of curing
 p - 5 potions of might
 q - 3 potions of invisibility
 v - a potion of ambrosia
 H - 3 potions of resistance
 I - 6 potions of cancellation
 K - 2 potions of berserk rage
 L - 5 potions of flight
 M - 3 potions of brilliance
Miscellaneous
 P - a condenser vane
 T - a phantom mirror


   Skills:
 + Level 10.6 Fighting
 - Level 3.0 Throwing
 + Level 14.7 Dodging
 - Level 7.3 Stealth
 * Level 17.5 Unarmed Combat
 + Level 7.8 Spellcasting
 - Level 4.1 Conjurations
 + Level 8.2 Hexes
 - Level 7.3 Translocations
 - Level 10.8 Transmutations
 + Level 14.0 Earth Magic
 + Level 13.0 Invocations
 - Level 3.3 Evocations


You had 10 spell levels left.
You knew the following spells:

 Your Spells              Type           Power      Damage    Failure   Level
a - Slow                  Hex            40%        N/A       1%          2
b - Confusing Touch       Hex            40%        N/A       1%          3
c - Blink                 Tloc           N/A        N/A       1%          2
d - Stone Arrow           Conj/Erth      88%        3d12      1%          3
e - Statue Form           Tmut/Erth      36%        N/A       3%          6
f - Apportation           Tloc           74%        N/A       1%          1
g - Manifold Assault      Tloc           37%        N/A       4%          5

Your spell library contained the following spells:

 Spells                   Type           Power      Damage    Failure   Level
 Beastly Appendage        Tmut           100%       N/A       1%          1
 Corona                   Hex            44%        N/A       1%          1
 Sting                    Tmut/Pois      100%       1d8       1%          1
 Ensorcelled Hibernation  Hex/Ice        48%        N/A       1%          2
 Wereblood                Tmut           50%        N/A       1%          2
 Gell's Gravitas          Tloc           18%        N/A       1%          3
 Lesser Beckoning         Tloc           18%        N/A       1%          3
 Spider Form              Tmut/Pois      14%        N/A       1%          3
 Summon Guardian Golem    Hex/Summ       24%        N/A       1%          3
 Teleport Other           Tloc           37%        N/A       1%          3
 Tukima's Dance           Hex            40%        N/A       1%          3
 Petrify                  Tmut/Erth      55%        N/A       1%          4
 Ignite Poison            Fire/Tmut/Pois 22%        N/A       2%          3
 Animate Skeleton         Necr           14%        N/A       3%          1
 Pain                     Necr           28%        1d5       3%          1
 Summon Small Mammal      Summ           28%        N/A       3%          1
 Conjure Flame            Conj/Fire      16%        6-21      4%          3
 Ice Form                 Ice/Tmut       29%        N/A       4%          4
 Poisonous Vapours        Pois/Air       14%        N/A       5%          2
 Call Canine Familiar     Summ           7%         N/A       11%         3
 Vampiric Draining        Necr           3%         2d6       11%         3
 Hailstorm                Conj/Ice       16%        3d6       16%         4
 Sticky Flame             Conj/Fire      16%        2d4       16%         4
 Metabolic Englaciation   Hex/Ice        12%        N/A       17%         5
 Summon Mana Viper        Hex/Summ       24%        N/A       17%         5
 Summon Forest            Summ/Tloc      11%        N/A       21%         5
 Olgreb's Toxic Radiance  Pois           7%         N/A       32%         4
 Summon Ice Beast         Ice/Summ       7%         N/A       32%         4
 Freezing Cloud           Conj/Ice/Air   6%         6-21      45%         5
 Conjure Ball Lightning   Conj/Air       8%         3x3d6     89%         6
 Storm Form               Tmut/Air       14%        N/A       95%         7
 Shadow Creatures         Summ           N/A        N/A       99%         6
 Simulacrum               Ice/Necr       3%         N/A       99%         6
 Orb of Destruction       Conj           12%        9d6       99%         7
 Discord                  Hex            20%        N/A       99%         8
 Monstrous Menagerie      Summ           3%         N/A       100%        7
 Ozocubu's Refrigeration  Ice            3%         4d5       100%        7
 Disjunction              Tloc           18%        N/A       100%        8
 Ignition                 Fire           3%         3d4       100%        8
 Polar Vortex             Ice            3%         N/A       100%        9
 Shatter                  Erth           29%        3d24*     100%        9


Dungeon Overview and Level Annotations

Branches:
Dungeon (15/15)            Temple (1/1) D:6            Lair (6/6) D:11
 Shoals (4/4) Lair:2       Spider (4/4) Lair:4        Slime (0/5) Lair:5
    Orc (2/2) D:11            Elf (0/3) Orc:2        Vaults (2/5) D:13
 Depths (0/5) D:15          IceCv (visited)         Volcano (visited)
  Crypt: Vaults:2-3

Altars:
Ashenzari
Cheibriados
Dithmenos
Elyvilon
Fedhas
Gozag
Hepliaklqana
Kikubaaqudgha
Makhleb
Nemelex Xobeh
Okawaru
Qazlal
Ru
Sif Muna
Trog
Uskayaw
Vehumet
Wu Jian
Xom
Yredelemnul
Zin
The Shining One
Beogh

Shops:
D:4 ?   Orc:1 ?   Orc:2 [?=?   Shoals:2 ?(*(!   Vaults:1 ([:[(

Portals:
Abyss: Spider:3

Annotations:
Spider:3 2 transporters, Cumomo's ghost, adept SpEn


Innate Abilities, Weirdness & Mutations

You are a living statue of rough stone.
Your actions are slow, but your melee attacks are powerful.
You are resistant to unholy torment.
Your maximum health is greatly increased.
You are immune to poison.
Your equipment is partially melded.
((Your dull iron-grey scales are very hard. (AC +15)))
You are amphibious.
You cannot fit into any form of body armour.
You are cold-blooded and may be slowed by cold attacks.
You are clumsy. (Dex -2)
Potions are less effective at restoring your health.


Message History

The deep troll bites you.
* * * LOW HITPOINT WARNING * * *
The deep troll closely misses you.
The deep troll claws you but does no damage.
Your system partially rejects the healing.
You feel much better.
The deep troll bites you but does no damage.
The deep troll claws you.
* * * LOW HITPOINT WARNING * * *
The deep troll barely misses you.
The deep troll bites you but does no damage.
The deep troll claws you.
* * * LOW HITPOINT WARNING * * *
The deep troll claws you but does no damage.
The deep troll completely misses you. x2
The deep troll claws you but does no damage.
Electricity crackles from the ironbound thunderhulk's apparatus.
The bolt of lightning hits you. You resist.
* * * LOW HITPOINT WARNING * * *
You draw a card...
You have drawn the Tomb.
Walls emerge from the floor!
The deep troll closely misses you.
The deep troll claws you but does no damage.
The deep troll misses you.
The deep troll bites you but does no damage.
The deep troll completely misses you.
The deep troll claws you but does no damage.
The deep troll bites you but does no damage.
The deep troll claws you but does no damage.
The deep troll closely misses you.
You draw a card...
You have drawn the Illusion.
Suddenly you stand beside yourself. The deep troll barely misses you.
The deep troll misses you.
The deep troll claws you but does no damage.
Electricity crackles from the ironbound thunderhulk's apparatus.
The bolt of lightning hits you! You resist.
* * * LOW HITPOINT WARNING * * *
The deep troll bites you but does no damage.
The deep troll claws you!
You die...
Your body disappears without a glow.

#############
#...........#
#.....#.....#
#.....#.....#
#...#####.###
#...# #@T8#
#.### ###T#
#. #.cT# #.
###..O# #.
#.....#
#...[.#
.......).#
######'### ..


You could see an ironbound thunderhulk, a yaktaur captain, 3 deep trolls and the
friendly pkoi's illusion (summoned).

Vanquished Creatures
  Arachne (Spider:3)
  Rupert (D:14)
  A kraken (Shoals:1)
  2 sphinxes (Shoals:4)
  Ilsuiw (Shoals:2)
  A deep elf sorcerer (Vaults:1)
  A vault warden (Vaults:1)
  Aizul (Lair:2)
  The ghost of Bananafolds the Cleaver, a journeyman DrAE of Elyvilon (D:12)
  An orc warlord (Orc:2)
  4 emperor scorpions (Spider:4)
  3 ghost moths
  4 very ugly things
  3 ironbound preservers
  2 dire elephants (Vaults:1)
  A deep elf demonologist (Vaults:1)
  A bunyip (Shoals:1)
  5 entropy weavers
  A spark wasp (Spider:4)
  2 minotaurs (Shoals:4)
  A fire dragon (Lair:6)
  The ghost of Powertoast the Grappler, a journeyman TrTm of Cheibriados (D:11)
  3 merfolk impalers
  4 yaktaur captains (Vaults:1)
  An ettin (Vaults:1)
  8 hydras
  7 boulder beetles
  4 ironbound thunderhulks
  2 vault guards
  4 ironbound frosthearts (Vaults:1)
  The ghost of pkoi the Grappler, a journeyman DrAr of Okawaru (Lair:1)
  An ice dragon (Spider:4)
  12 centaur warriors
  4 ogre magi
  11 two-headed ogres
  2 merfolk aquamancers
  2 ghost crabs (D:11)
  An alligator (shapeshifter) (Vaults:1)
  2 tengu warriors (D:14)
  9 satyrs
  Urug (Lair:1)
  An ironbound beastmaster (Vaults:1)
  5 fire crabs
  Nergalle (Lair:1)
  5 deep trolls
  9 sea snakes
  An ironbound convoker (Vaults:4)
  3 lindwurms
  3 wizards
  3 glowing orange brains
  17 harpies
  10 orb spiders
  2 orc sorcerers
  2 deep elf pyromancers
  16 wolf spiders
  14 manticores
  An orc knight (D:15)
  21 ugly things
  17 fauns
  4 cyclopes
  14 elephants
  9 merfolk sirens
  An apocalypse crab (D:11)
  3 water nymphs
  2 moths of wrath (Spider:4)
  A guardian serpent (Lair:3)
  2 molten gargoyles (Lair:6)
  4 black mambas
  2 vault sentinels (Vaults:1)
  2 gargoyles (D:12)
  An eye of devastation (D:11)
  2 torpor snails
  11 cane toads
  10 komodo dragons
  30 yaktaurs
  7 rime drakes
  2 tengu conjurers
  13 demonic crawlers
  17 jumping spiders
  9 hornets
  2 polar bears
  6 trolls
  19 merfolk
  A queen bee (shapeshifter) (D:13)
  7 wind drakes
  15 slime creatures
  Prince Ribbit (D:7)
  23 blink frogs
  9 dream sheep
  8 snapping turtles
  60 redbacks
  5 shadows
  27 tarantellas
  A vampire (D:10)
  9 water elementals
  6 wyverns
  A wraith (D:11)
  30 yaks
  9 fire bats (Volcano)
  Eustachio (D:5)
  A basilisk (shapeshifter) (D:10)
  5 steam dragons
  7 basilisks
  A golden eye (Spider:2)
  20 humans
  A steam dragon (shapeshifter) (D:12)
  3 neqoxecs (D:12)
  2 vampire mosquitoes
  A warg (D:15)
  13 water moccasins
  3 hell hounds
  A black bear (Lair:6)
  7 orc warriors
  A black bear (shapeshifter) (D:12)
  2 necrophages
  4 boggarts (Lair:6)
  15 wolves
  25 ogres
  24 centaurs
  2 phantoms (D:11)
  8 bullfrogs
  A gnoll sergeant (D:5)
  A scorpion (D:6)
  A troll zombie (D:11)
  3 killer bees
  3 wights
  An electric eel (Spider:4)
  A howler monkey (D:10)
  11 lava snakes
  8 orc priests
  2 hounds
  12 jellies
  2 centaur skeletons
  An iguana (D:7)
  Ijyb (D:4)
  Terence (D:2)
  7 orc wizards
  6 polar bear simulacra (D:11)
  2 yak simulacra (D:11)
  A killer bee zombie (D:9)
  A wolf simulacrum (D:11)
  4 ogre zombies (D:11)
  3 howler monkey zombies
  7 gnolls
  2 howler monkey skeletons
  6 adders
  2 shadow imps (D:6)
  2 white imps
  An ufetubus (D:4)
  A worm (D:3)
  4 dart slugs
  41 orcs
  5 ball pythons
  10 endoplasms
  3 giant cockroaches
  10 goblins
  7 hobgoblins
  8 jackals
  4 kobolds
  2 quokkas
  4 bats
  3 frilled lizards
  A goblin skeleton (D:11)
  A goblin zombie (D:11)
  A hobgoblin zombie (D:11)
  4 orc skeletons (D:11)
  12 orc zombies (D:11)
  A quokka skeleton (D:4)
  4 rats
  2 river rat simulacra (D:11)
  4 tentacles
1006 creatures vanquished.

Vanquished Creatures (collateral kills)
  A stone giant (Shoals:3)
  An ettin (D:8)
  A merfolk impaler (Shoals:2)
  A boulder beetle (D:12)
  2 merfolk avatars (Shoals:4)
  5 hydras
  An ogre mage (Orc:2)
  4 two-headed ogres (Orc:2)
  A satyr (Shoals:4)
  A centaur warrior (D:10)
  2 sea snakes (Shoals:4)
  A harpy (Shoals:4)
  A lindwurm (Lair:6)
  A deep elf pyromancer (D:15)
  3 manticores (Shoals:4)
  A molten gargoyle (Lair:6)
  3 meliai (D:15)
  A jumping spider (Spider:4)
  A dream sheep (Shoals:1)
  A wyvern (Lair:6)
  A redback (Spider:4)
  A basilisk (Lair:6)
  3 vampire mosquitoes (D:12)
  A steam dragon (Lair:3)
  A hell hound (Lair:6)
  2 orc warriors
  6 ogres (Orc:2)
  A necrophage (D:8)
  A centaur (D:15)
  6 wolves (Lair:1)
  A bullfrog (Lair:1)
  A troll zombie (D:11)
  3 wights (D:8)
  2 killer bees (D:11)
  A howler monkey (D:8)
  An orc priest (Orc:2)
  4 orc wizards
  6 orcs (Orc:2)
75 creatures vanquished.

Vanquished Creatures (others)
  A wizard (D:13)
  An orb spider (Spider:3)
  A merfolk siren (Shoals:3)
  A tengu conjurer (D:15)
  A golden eye (shapeshifter) (D:12)
  A bush (Lair:6)
  26 fungi
  107 plants
  20 tentacles
159 creatures vanquished.

Grand Total: 1240 creatures vanquished

Notes
Turn   | Place    | Note
-------+----------+-------------------------------------------
     0 | D:5      | pkoi the Draconian Delver began the quest for the Orb.
     0 | D:5      | Reached XP level 1. HP: 19/19 MP: 1/1
    23 | D:5      | Noticed a necrophage
   109 | D:5      | Noticed an orc wizard
   211 | D:4      | Noticed a necrophage
   403 | D:4      | Reached XP level 2. HP: 14/26 MP: 2/2
   773 | D:3      | Reached skill level 3 in Unarmed Combat
  1058 | D:3      | Reached XP level 3. HP: 26/31 MP: 3/3
  1703 | D:1      | Found a faded altar of an unknown god.
  2141 | D:1      | Reached skill level 5 in Stealth
  2631 | D:2      | Reached XP level 4. HP: 37/38 MP: 4/4
  3010 | D:1      | Reached skill level 4 in Unarmed Combat
  3331 | D:2      | Noticed Terence
  3720 | D:3      | Found a sparkling altar of Nemelex Xobeh.
  3757 | D:3      | Became a worshipper of Nemelex Xobeh the Trickster
  3855 | D:3      | Found an opulent altar of Gozag.
  4882 | D:4      | Reached XP level 5. HP: 45/45 MP: 5/5
  4917 | D:4      | Reached * piety under Nemelex Xobeh
  4922 | D:4      | Found a shimmering altar of Xom.
  4923 | D:4      | Found a shimmering altar of Xom.
  4925 | D:4      | Found a shimmering altar of Xom.
  4925 | D:4      | Found a shimmering altar of Xom.
  4927 | D:4      | Found a shimmering altar of Xom.
  4927 | D:4      | Found a shimmering altar of Xom.
  4929 | D:4      | Found a shimmering altar of Xom.
  5325 | D:4      | Received a gift from Nemelex Xobeh
  5343 | D:4      | Killed a necrophage
  5344 | D:4      | Reached skill level 5 in Unarmed Combat
  5344 | D:4      | Reached skill level 1 in Invocations
  5365 | D:4      | You are sucked into a shaft and drop 1 floor!
  5375 | D:5      | Noticed an ogre
  5387 | D:5      | Noticed a phantom
  5415 | D:5      | Banished a phantom
  5416 | D:5      | Reached XP level 6. HP: 22/51 MP: 7/7
  5614 | D:5      | Reached skill level 6 in Unarmed Combat
  5678 | D:5      | Reached skill level 1 in Evocations
  5678 | D:5      | Your scales start taking on a dull iron-grey colour.
  5678 | D:5      | Reached XP level 7. HP: 26/57 MP: 9/9
  6969 | D:5      | Reached skill level 7 in Unarmed Combat
  7053 | D:5      | Noticed Eustachio
  7176 | D:5      | Reached XP level 8. HP: 41/62 MP: 11/11
  7639 | D:6      | Identified the +7 spear "Vus Kad" {flame, +Blink rF+ Dex+4}
  8233 | D:6      | Found a staircase to the Ecumenical Temple.
  8357 | Temple   | Entered the Ecumenical Temple
  8707 | D:6      | Received a gift from Nemelex Xobeh
  8757 | D:7      | Reached ** piety under Nemelex Xobeh
  8819 | D:7      | Noticed Prince Ribbit
  8887 | D:7      | Killed Prince Ribbit
  8888 | D:7      | Reached skill level 8 in Unarmed Combat
  8888 | D:7      | Reached skill level 5 in Invocations
  9152 | D:7      | Found a white marble altar of Elyvilon.
  9189 | D:7      | Reached skill level 5 in Dodging
  9441 | D:7      | Received a gift from Nemelex Xobeh
  9854 | D:7      | Found a sacrificial altar of Ru.
  9991 | D:8      | Noticed a troll
 10017 | D:7      | Reached XP level 9. HP: 58/70 MP: 13/13
 10021 | D:7      | Killed a troll
 10022 | D:7      | Reached skill level 9 in Unarmed Combat
 10032 | D:7      | Noticed a troll
 10032 | D:7      | a yak changed into a troll
 10038 | D:7      | Killed a troll
 10440 | D:2      | Killed Terence
 10727 | D:4      | Noticed Ijyb
 10741 | D:4      | Killed Ijyb
 11043 | D:4      | Reached *** piety under Nemelex Xobeh
 11125 | D:4      | Found Riarghapt's Magic Scroll Emporium.
 11375 | D:5      | Killed Eustachio
 11721 | D:7      | Reached skill level 10 in Unarmed Combat
 12092 | D:8      | Received a gift from Nemelex Xobeh
 12537 | D:8      | Found an ancient bone altar of Kikubaaqudgha.
 12657 | D:8      | Noticed a boulder beetle
 12661 | D:8      | Noticed an ettin
 12661 | D:8      | a boulder beetle changed into an ettin
 12666 | D:8      | Killed an ettin
 12667 | D:8      | Reached XP level 10. HP: 41/77 MP: 15/15
 13384 | D:9      | Reached skill level 11 in Unarmed Combat
 13854 | D:9      | Identified a scroll of acquirement
 13854 | D:9      | Acquired 908 gold pieces
 14013 | D:4      | Bought 2 scrolls of acquirement for 1040 gold pieces
 14014 | D:4      | Acquired the amulet "Izaov" {Spirit rPois rF+++ SInv
                  | Stlth-}
 14057 | D:5      | Acquired the ring "Kupu" {rPois rF+ Slay+2}
 14547 | D:9      | Identified the +1 acid dragon scales of the Blizzard {rCorr
                  | Int+7 Dex+3}
 14665 | D:10     | Entered Level 10 of the Dungeon
 14665 | D:10     | Found a stormy altar of Qazlal.
 14853 | D:10     | Noticed a two-headed ogre
 14870 | D:10     | Banished a two-headed ogre
 14921 | D:10     | Reached skill level 12 in Unarmed Combat
 15198 | D:10     | Reached XP level 11. HP: 57/82 MP: 12/17
 15372 | D:10     | Noticed a centaur warrior
 15402 | D:10     | Killed a centaur warrior
 15403 | D:10     | Reached skill level 10 in Dodging
 15749 | D:10     | Noticed a brown ugly thing
 15786 | D:10     | Found a glowing golden altar of the Shining One.
 16002 | D:10     | Reached **** piety under Nemelex Xobeh
 16065 | D:11     | Noticed a six-headed hydra
 16273 | D:11     | Found a frozen archway.
 16304 | IceCv    | Entered an ice cave
 16460 | D:11     | Received a gift from Nemelex Xobeh
 16467 | D:11     | Found a runed translucent door.
 16528 | D:11     | Identified the -1 quarterstaff of Quach {spect, rPois
                  | Str+6}
 16658 | D:11     | Noticed a necromancer
 16672 | D:11     | a necromancer changed into an eye of devastation
 16787 | D:11     | Found a runed translucent door.
 16788 | D:11     | Noticed Powertoast's ghost (journeyman TrTm)
 16812 | D:11     | Noticed a two-headed ogre
 16816 | D:11     | Killed a two-headed ogre
 16823 | D:11     | Found a staircase to the Lair.
 17009 | Lair:1   | Entered Level 1 of the Lair of Beasts
 17009 | Lair:1   | Received a gift from Nemelex Xobeh
 17024 | Lair:1   | Reached skill level 5 in Fighting
 17061 | Lair:1   | Noticed Nergalle
 17075 | Lair:1   | Killed Nergalle
 17076 | Lair:1   | Reached skill level 13 in Unarmed Combat
 17496 | Lair:1   | Noticed Urug
 17502 | Lair:1   | Killed Urug
 17537 | Lair:1   | Reached skill level 10 in Invocations
 17657 | Lair:1   | Reached XP level 12. HP: 56/95 MP: 15/19
 17678 | Lair:1   | Received a gift from Nemelex Xobeh
 18136 | Lair:1   | Noticed a six-headed hydra
 18150 | Lair:1   | Killed a six-headed hydra
 18336 | Lair:1   | Found a runed translucent door.
 18342 | Lair:1   | Noticed pkoi's ghost (journeyman DrAr)
 18488 | Lair:2   | Received a gift from Nemelex Xobeh
 18616 | Lair:2   | Reached ***** piety under Nemelex Xobeh
 18707 | Lair:2   | Found a dark tunnel.
 18712 | Volcano  | Entered a volcano
 18976 | Volcano  | Identified the -1 hand axe "Tolil" {vorpal, rF++}
 18980 | Volcano  | Reached skill level 14 in Unarmed Combat
 19001 | Volcano  | Found a radiant altar of Vehumet.
 19056 | Volcano  | Found a burning altar of Makhleb.
 19320 | Lair:2   | Found a staircase to the Shoals.
 19609 | Lair:2   | Learned a level 2 spell: Slow
 19613 | Lair:2   | Learned a level 3 spell: Confusing Touch
 19874 | Lair:3   | Noticed a four-headed hydra
 19884 | Lair:3   | Killed a four-headed hydra
 19981 | Lair:3   | Reached skill level 1 in Hexes
 19991 | Lair:3   | Reached skill level 1 in Spellcasting
 20259 | Lair:3   | Learned a level 2 spell: Blink
 20270 | Lair:3   | Noticed a six-headed hydra
 20279 | Lair:3   | Killed a six-headed hydra
 20501 | Lair:3   | Received a gift from Nemelex Xobeh
 20630 | Lair:3   | Reached skill level 1 in Translocations
 20630 | Lair:3   | Reached XP level 13. HP: 105/107 MP: 21/21
 21159 | Lair:3   | Found the +3 pair of seven-league boots {Rampage+∞}
 22157 | Lair:4   | Found a hole to the Spider Nest.
 22364 | Lair:4   | Received a gift from Nemelex Xobeh
 23497 | Lair:5   | Reached skill level 15 in Unarmed Combat
 23811 | Lair:5   | Received a gift from Nemelex Xobeh
 23942 | Lair:5   | Found a staircase to the Slime Pits.
 24511 | Lair:6   | Entered Level 6 of the Lair of Beasts
 24910 | Lair:6   | Received a gift from Nemelex Xobeh
 25577 | Lair:5   | Reached skill level 5 in Translocations
 25833 | Lair:6   | Reached skill level 5 in Hexes
 26516 | Lair:6   | Reached XP level 14. HP: 69/116 MP: 12/22
 26747 | Lair:6   | Found a large runed translucent door.
 27002 | Lair:6   | Found a large runed translucent door.
 27770 | D:11     | Found a staircase to the Orcish Mines.
 30207 | Orc:1    | Entered Level 1 of the Orcish Mines
 30229 | Orc:1    | Found Nelucaoh's Magic Scroll Emporium.
 30291 | Orc:1    | Bought a scroll of acquirement for 884 gold pieces
 30291 | Orc:1    | Acquired 727 gold pieces
 30442 | Orc:1    | Received a gift from Nemelex Xobeh
 30797 | Orc:2    | Entered Level 2 of the Orcish Mines
 30797 | Orc:2    | Received a gift from Nemelex Xobeh
 30811 | Orc:2    | Found a staircase to the Elven Halls.
 31066 | Orc:2    | Noticed an orc warlord
 31088 | Orc:2    | Killed an orc warlord
 31967 | Orc:2    | Found Ompumo's Jewellery Boutique.
 31967 | Orc:2    | Found Ymeme's Magic Scroll Emporium.
 31968 | Orc:2    | Found Xuneonuw's Armour Shoppe.
 31968 | Orc:2    | Found Ysmirgh's Magic Scroll Boutique.
 31980 | Orc:2    | Bought a scroll of noise for 17 gold pieces
 31984 | Orc:2    | Bought a scroll of blinking for 75 gold pieces
 32087 | Orc:2    | Received a gift from Nemelex Xobeh
 33104 | Lair:6   | Reached XP level 15. HP: 116/124 MP: 22/24
 33751 | Shoals:1 | Entered Level 1 of the Shoals
 33755 | Shoals:1 | Noticed Aizul
 33782 | Lair:2   | Killed Aizul
 34239 | Shoals:1 | Identified the -1 long sword of Theory {protect, Int+6
                  | Stlth+}
 35629 | Orc:2    | Bought a +0 pair of boots for 63 gold pieces
 35787 | Shoals:1 | Noticed a kraken
 36202 | D:12     | Found a runed translucent gate.
 36202 | D:12     | Found a runed translucent gate.
 36203 | D:12     | Found a runed translucent gate.
 37119 | D:13     | Received a gift from Nemelex Xobeh
 37932 | D:13     | Found a gate to the Vaults.
 37941 | D:13     | Got Ybiykaxu's Catalogue of Stones and Attacks
 37946 | D:13     | Learned a level 3 spell: Stone Arrow
 38240 | D:14     | Received a gift from Nemelex Xobeh
 38268 | D:14     | Reached skill level 1 in Earth Magic
 38363 | D:14     | Reached skill level 1 in Conjurations
 38368 | D:14     | Identified the +8 war axe "Ywackioc" {chaos, *Corrode rPois
                  | Str+2 SInv}
 38436 | D:14     | Noticed Rupert
 38502 | D:14     | You fall into a shaft and drop 1 floor!
 38502 | D:15     | Entered Level 15 of the Dungeon
 38876 | D:15     | Found a staircase to the Depths.
 39653 | D:14     | Received a gift from Nemelex Xobeh
 39714 | D:14     | Reached ****** piety under Nemelex Xobeh
 39758 | D:14     | Reached skill level 16 in Unarmed Combat
 40664 | D:14     | Killed Rupert
 40945 | Shoals:1 | Killed a kraken
 41886 | Spider:1 | Entered Level 1 of the Spider Nest
 42364 | D:15     | Received a gift from Nemelex Xobeh
 43308 | D:15     | Reached skill level 5 in Earth Magic
 43314 | D:15     | Reached XP level 16. HP: 118/132 MP: 21/25
 44922 | Shoals:2 | Found Red Ell's Magic Scroll Emporium.
 44922 | Shoals:2 | Received a gift from Nemelex Xobeh
 45101 | Shoals:2 | Found Ysowao's Antique Weapon Boutique.
 45201 | Shoals:1 | Learned a level 6 spell: Statue Form
 45729 | Shoals:2 | Reached skill level 1 in Transmutations
 46915 | Shoals:2 | Bought a scroll of acquirement for 936 gold pieces
 46915 | Shoals:2 | Bought a scroll of blinking for 135 gold pieces
 47009 | Shoals:2 | Received a gift from Nemelex Xobeh
 47121 | Shoals:2 | Found Ribb's Weapon Shop.
 47410 | Shoals:2 | Found Xobbor's Distillery.
 47440 | Shoals:2 | Bought a potion of degeneration for 21 gold pieces
 47446 | Shoals:2 | Found Xoaphora's Assorted Antiques.
 48469 | Spider:1 | Received a gift from Nemelex Xobeh
 48514 | Spider:1 | Identified the +9 scimitar "Qajuuf" {venom, Drain rElec
                  | rN+}
 48704 | Spider:1 | Found the +4 Cigotuvi's embrace {rMiasma Drain rN+}
 48911 | Spider:1 | Received a gift from Nemelex Xobeh
 49283 | Spider:2 | Received a gift from Nemelex Xobeh
 50326 | Spider:2 | Reached skill level 1 in Throwing
 50768 | Spider:2 | Received a gift from Nemelex Xobeh
 51210 | Spider:2 | Reached skill level 5 in Transmutations
 52541 | Spider:3 | Found a transporter.
 52827 | Spider:3 | Received a gift from Nemelex Xobeh
 53368 | Spider:3 | Found a one-way gate to the infinite horrors of the Abyss.
 53368 | Spider:3 | Noticed Cumomo's ghost (adept SpEn)
 53415 | Spider:3 | Found a transporter.
 53650 | Orc:2    | Bought a +0 pair of gloves of stealth for 161 gold pieces
 53722 | Orc:1    | Bought a scroll of enchant armour for 127 gold pieces
 53722 | Orc:1    | Bought a scroll of fear for 59 gold pieces
 53722 | Orc:1    | Bought a scroll of teleportation for 51 gold pieces
 53989 | Spider:3 | Noticed Arachne
 53997 | Spider:3 | Killed Arachne
 54453 | Spider:4 | Entered Level 4 of the Spider Nest
 54469 | Spider:4 | Received a gift from Nemelex Xobeh
 54849 | Shoals:3 | Noticed Ilsuiw
 54859 | Shoals:3 | Noticed a kraken
 54876 | Shoals:2 | Reached skill level 5 in Spellcasting
 55090 | Shoals:2 | Learned a level 1 spell: Apportation
 55565 | Shoals:2 | Killed Ilsuiw
 56454 | Shoals:3 | Reached skill level 10 in Earth Magic
 56944 | Shoals:3 | a kraken changed into a stone giant
 56952 | Shoals:3 | Reached XP level 17. HP: 27/138 MP: 3/26
 61907 | Spider:4 | Received a gift from Nemelex Xobeh
 64146 | Shoals:4 | Entered Level 4 of the Shoals
 64820 | Shoals:4 | Acquired the ring "Eddoimn" {rF+ rN+ Dex+4}
 65284 | Shoals:4 | Identified the -1 trident of Exoneration {speed, Int-3
                  | Dex+5 SInv}
 65511 | Shoals:4 | Found the ring of the Mage {Wiz Will++ Int+3}
 65699 | Shoals:4 | Identified the +2 demon trident of Juomyf {vamp, Str-4
                  | Int+4 Dex+4}
 65840 | Shoals:4 | Got a barnacled rune of Zot
 66504 | Shoals:4 | Reached skill level 10 in Transmutations
 67154 | Shoals:4 | HP: 6/138 [manticore/volley of spikes (11)]
 69065 | D:11     | Killed Powertoast's ghost
 69678 | D:11     | Reached XP level 18. HP: 146/146 MP: 20/27
 69695 | D:11     | Identified the +3 plate armour of the Disturbing Tusks
                  | {Int+3}
 69705 | D:11     | Identified the +0 ring mail "Hihuf" {+Inv Str+2}
 69882 | Vaults:1 | Entered Level 1 of the Vaults
 70031 | Vaults:1 | Learned a level 5 spell: Manifold Assault
 70110 | Vaults:1 | Received a gift from Nemelex Xobeh
 70890 | Vaults:1 | Found Kaingin's Antique Weapon Shoppe.
 70890 | Vaults:1 | Found Noun Jach's Armour Shop.
 70906 | Vaults:1 | Bought the +1 pair of boots of the Demonic Grue {rElec
                  | Str-5 Int+6} for 409 gold pieces
 71037 | Vaults:1 | Found Qooveutz's Book Shoppe.
 71050 | Vaults:1 | Found Ziweudy's Antique Weapon Emporium.
 71098 | Vaults:1 | Found Boara's Armour Emporium.
 71568 | Vaults:1 | Received a gift from Nemelex Xobeh
 71986 | Lair:1   | Killed pkoi's ghost
 71987 | Lair:1   | Reached skill level 10 in Fighting
 72493 | D:12     | Reached skill level 17 in Unarmed Combat
 72973 | D:12     | Found a runed translucent gate.
 72973 | D:12     | Found a runed translucent gate.
 72977 | D:12     | Found a runed translucent gate.
 72977 | D:12     | Noticed Bananafolds's ghost (journeyman DrAE)
 72990 | D:12     | Gained mutation: Potions are less effective at restoring
                  | your health. [a neqoxec]
 72991 | D:12     | Gained mutation: You are clumsy. (Dex -2) [a neqoxec]
 73003 | D:12     | Killed Bananafolds's ghost
 73011 | D:12     | Identified the +0 pair of boots of Vuliatir {rElec rPois}
 74404 | Spider:4 | Paralysed by a hornet for 3 turns
 74587 | Spider:4 | Got a gossamer rune of Zot
 76440 | Vaults:2 | You fall into a shaft and drop 2 floors!
 76480 | Vaults:4 | HP: 8/193 [ironbound thunderhulk/bolt of lightning (9)]
 76480 | Vaults:4 | Slain by a deep troll

Illustrated notes

Levels and vault maps discovered:
D:1:      tarquinn_simple_flora_water_e, layout_basic,
          hellmonk_ecumenical_altar_lost_god, minmay_pentomino_u2
D:2:      layout_loops_corners, uniq_terence
D:3:      layout_basic, nemelex_altar_shiori, nicolae_gozag_seed_capital
D:4:      layout_cave_pods, nicolae_xom_altar_mimics, serial_shops, shop,
          minmay_cupped, uniq_ijyb
D:5:      layout_basic, mainiacjoe_overflow_cross_hatched, columned_hall_lemuel,
          minmay_manual_mess, uniq_eustachio
D:6:      layout_rooms, minmay_temple_entry_nine_rooms
D:7:      layout_cave_pods, nicolae_ru_great_annihilating_truth,
          elyvilon_altar_5, uniq_prince_ribbit1
D:8:      minmay_diamond_stairs, layout_cave_pools, kennysheep_mini_moat,
          uniq_maurice
D:9:      layout_loops_ring
D:10:     layout_cave_pools, lemuel_crystal_altar, tso_oasis_becter,
          minmay_shattered_shrine
D:11:     gammafunk_mikee_crab_dinner, layout_loops_ring, lair_entry_dummy,
          zombieorc1_lemuel, ebering_ghost_inner_flame, portal_ice_cave_rime,
          hangedman_decor_clover_reticule, eino_house_with_fridge
D:12:     layout_basic, ploomutoo_gammafunk_ghost_potion_laboratory
D:13:     layout_roguey, grunt_vaults_entry_tiered
D:14:     layout_grid_maze, chequers_garden, uniq_rupert
D:15:     grunt_enter_depths_giant_problem, layout_irregular_city,
          grunt_decor_cap
Temple:   nicolae_temple_figure_eight
Lair:1:   layout_regular_city, gammafunk_ghost_grave, beast_lair_carwin_11,
          uniq_nergalle, uniq_urug
Lair:2:   layout_chaotic_city, minmay_shoals_entry_hut,
          nicolae_volcano_entry_s_turn, serial_bayou_shore_b, grunt_megastairs_1
Lair:3:   layout_regular_city, hellmonk_guarded_unrand_seven_league_boots
Lair:4:   layout_cave_pods, dummy_spider_entry, serial_bayou_pond_d,
          infiniplex_staircase_pool_2
Lair:5:   layout_cave_pods, minmay_slime_entry_jelly_boxes
Lair:6:   cheibrodos_lair_end_hotspot, layout_regular_city,
          kilobyte_rumbling_trees
Shoals:1: layout_shoals, nicolae_shoals_shepherds, uniq_aizul
Shoals:2: layout_shoals, serial_shops, nicolae_shop_trees,
          nicolae_shop_waterfront, nicolae_shop_crystal,
          nicolae_shop_window_shopping, shop
Shoals:3: layout_shoals, uniq_ilsuiw
Shoals:4: shoals_end_hellmonk_lost_city
Spider:1: layout_spider_delve
Spider:2: nicolae_spider_mines_2
Spider:3: layout_chambers, gammafunk_ghost_abyssal_escape,
          nicolae_spider_cling_ruins, uniq_arachne
Spider:4: spider_rune_water
Orc:1:    layout_diamond_mine, serial_shops,
          nicolae_shop_competitors_out_of_business
Orc:2:    st_orc_ogre_mass, layout_caves, basic_altar
Vaults:1: v_misc_16, nicolae_vaults_network_periphery,
          grunt_vaults_hallway_long, ontoclasm_vaults_tryst,
          nicolae_vaults_what_the_h, nicolae_vaults_little_squares_4,
          ontoclasm_vaults_twist, vaults_room_hangedman_quadrants,
          dpeg_vaults_monster_row, nicolae_vaults_little_squares_4,
          layout_vaults_quadrants, serial_shops, nicolae_shop_trees,
          nicolae_shop_overgrown_old_shop, nicolae_shop_window_shopping,
          nicolae_shop_crystal, nicolae_shop_overgrown_old_shop
Vaults:2: nicolae_vaults_back_hallway, vaults_mumra_hexcomb,
          nicolae_vaults_disjoint_gnomons, grunt_vaults_twisty,
          vaults_room_hallway, vaults_room_corners, vaults_room_hallway,
          nicolae_vaults_yaktaur_gun_rack, nicolae_vaults_little_squares_6,
          v_misc_18, nicolae_vaults_little_squares_4, v_misc_24,
          nicolae_vaults_little_squares_5, layout_vaults_maze_snakey
Vaults:4: ontoclasm_vaults_gateway, v_misc_18, nicolae_vaults_hallways_thing,
          ontoclasm_vaults_misaligned, vaults_mumra_chevron, v_misc_11,
          vaults_dpeg_cross, ontoclasm_vaults_spin, hangedman_vaults_maws,
          v_misc_24, nicolae_vaults_big_ls, vaults_room_pools,
          nicolae_vaults_rhombus_7, nicolae_vaults_theta,
          nicolae_vaults_little_squares_3, layout_vaults_omnicross,
          uniq_frederick

Skill      XL: |  1  2  3  4  5  6  7  8  9 10 11 12 13 14 15 16 17 18 |
---------------+-------------------------------------------------------+-----
Unarmed Combat | 3 4 5 6 7 8 10 12 13 14 15 16 17 | 17.5
Stealth        | 5 6 7 |  7.3
Invocations    | 2 3 4 5 7 8 10 11 12 13 | 13.0
Evocations     | 1 2 3 |  3.3
Dodging        | 3 5 8 9 11 12 13 14 | 14.7
Fighting       | 5 7 8 9 10 | 10.6
Hexes          | 1 5 8 |  8.2
Spellcasting   | 1 3 4 5 6 7 |  7.8
Translocations | 1 6 7 |  7.3
Earth Magic    | 5 10 13 14 | 14.0
Conjurations   | 4 |  4.1
Transmutations | 7 10 | 10.8
Throwing       | 1 3 |  3.0

Action                   |  1- 3 |  4- 6 |  7- 9 | 10-12 | 13-15 | 16-18 || total
-------------------------+-------+-------+-------+-------+-------+-------++-------
Melee: Mace              |    56 |       |       |       |       |       ||    56
       Unarmed           |    59 |   149 |   304 |   640 |  1461 |  2094 ||  4707
       Tailslap          |    10 |    19 |    45 |    91 |   267 |   337 ||   769
       Punch             |     2 |     2 |    19 |    56 |   131 |   207 ||   417
       Spear             |       |       |    58 |       |       |       ||    58
       Whip              |       |       |    17 |       |       |       ||    17
Throw: Boomerang         |       |       |       |       |       |   108 ||   108
 Cast: Confusing Touch   |       |       |       |       |    31 |   151 ||   182
       Stone Arrow       |       |       |       |       |       |     5 ||     5
       Blink             |       |       |       |       |       |     1 ||     1
       Statue Form       |       |       |       |       |       |    45 ||    45
       Apportation       |       |       |       |       |       |     6 ||     6
       Manifold Assault  |       |       |       |       |       |     3 ||     3
Invok: Draw Destruction  |       |     4 |    18 |    15 |    52 |    41 ||   130
       Draw Escape       |       |     1 |       |     7 |    13 |     8 ||    29
       Draw Summoning    |       |       |     3 |     9 |    26 |    14 ||    52
Evoke: Wand              |       |       |       |       |    23 |    51 ||    74
  Use: Scroll            |     4 |       |     5 |    13 |    11 |    15 ||    48
       Potion            |       |       |     1 |       |       |     4 ||     5
 Stab: Sleeping          |     8 |     6 |     8 |     5 |     2 |     3 ||    32
       Distracted        |       |     2 |       |     3 |     8 |     1 ||    14
       Confused          |       |       |       |       |    41 |   117 ||   158
Armor: Skin              |    41 |    32 |   162 |   228 |   528 |  1116 ||  2107
Dodge: Dodged            |    62 |    73 |   242 |   517 |  1161 |  1970 ||  4025
